TOP OF THE 1ST |
---|
Palmyra Overlords batting - Pitching for Coronado Eclipse : RHP William Stephens | Pitching: RHP William Stephens | | Batting: RHB Enrico Castro | 0-0: Ball 1-0: Ball 2-0: Called Strike 2-1: Ball 3-1: Bunted foul 3-2: DOUBLE (Line Drive, 7LD) | Batting: LHB José Marín | 0-0: Called Strike 0-1: SINGLE (Groundball, 56S) (infield hit) Enrico Castro to third | Batting: RHB José Gonzáles | 0-0: Ball 1-0: Ball 2-0: Ball 3-0: Base on Balls José Marín to second | Batting: LHB Miguel Gamboa | 0-0: Called Strike 0-1: Grounds into double play, 1-2-3 (Groundball, 13S) José Marín to third José Gonzáles to second | Batting: LHB Claudio Arce | 0-0: Foul Ball, location: 2F 0-1: Ball 1-1: Foul Ball, location: 2F 1-2: Ball 2-2: Strikes out swinging | Top of the 1st over - 0 runs, 2 hits, 0 errors, 2 left on base; Palmyra 0 - Coronado 0 | BOTTOM OF THE 1ST |
---|
Coronado Eclipse batting - Pitching for Palmyra Overlords : RHP Juan Vera | Pitching: RHP Juan Vera | | Batting: RHB Arturo Franco | 0-0: Called Strike 0-1: Ball 1-1: Called Strike 1-2: Foul Ball, location: 2F 1-2: Ball 2-2: Fly out, F4 (Popup, 4M) | Batting: SHB Luis Sotelo | 0-0: Ball 1-0: Fly out, F9 (Line Drive, 9) | Batting: RHB Júlio Serra | 0-0: Called Strike 0-1: Ball 1-1: DOUBLE (Line Drive, 9LM) | Batting: RHB Ramón Sánchez | 0-0: Ball 1-0: Called Strike 1-1: Foul Ball, location: 2F 1-2: Strikes out swinging | Bottom of the 1st over - 0 runs, 1 hit, 0 errors, 1 left on base; Palmyra 0 - Coronado 0 | TOP OF THE 2ND |
---|
Palmyra Overlords batting - Pitching for Coronado Eclipse : RHP William Stephens | Batting: LHB Chris Hutchison | 0-0: Called Strike 0-1: Swinging Strike 0-2: Ball 1-2: Foul Ball, location: 2F 1-2: Ball 2-2: Strikes out swinging | Batting: LHB Howard Anderson | 0-0: Foul Ball, location: 2F 0-1: Ball 1-1: Called Strike 1-2: Strikes out swinging | Batting: RHB Jesús Salazar | 0-0: SINGLE (Line Drive, 34) | Batting: RHB Rafael Castro | 0-0: Called Strike 0-1: Ball 1-1: SINGLE (Line Drive, 4M) Jesús Salazar to second Runner from 2nd tries for 3rd, SAFE, no throw | Batting: RHB Enrico Castro | 0-0: Called Strike 0-1: Ball 1-1: SINGLE (Groundball, 56S) (infield hit) Jesús Salazar scores Rafael Castro to second | Batting: LHB José Marín | 0-0: Ball 1-0: Foul Ball, location: 2F 1-1: Ball 2-1: Ball 3-1: Foul Ball, location: 2F 3-2: Strikes out swinging | Top of the 2nd over - 1 run, 3 hits, 0 errors, 2 left on base; Palmyra 1 - Coronado 0 | BOTTOM OF THE 2ND |
---|
Coronado Eclipse batting - Pitching for Palmyra Overlords : RHP Juan Vera | Batting: RHB Fred Wagner | 0-0: Called Strike 0-1: Ball 1-1: Fly out, F3 (Popup, 3SF) | Batting: LHB Todd Emery | 0-0: Called Strike 0-1: Foul Ball, location: 2F 0-2: Fly out, F9 (Flyball, 9S) | Batting: RHB Ricardo Aguilar | 0-0: Foul Ball, location: 2F 0-1: Ground out 4-3 (Groundball, 4) | Bottom of the 2nd over - 0 runs, 0 hits, 0 errors, 0 left on base; Palmyra 1 - Coronado 0 | TOP OF THE 3RD |
---|
Palmyra Overlords batting - Pitching for Coronado Eclipse : RHP William Stephens | Batting: RHB José Gonzáles | 0-0: Called Strike 0-1: Swinging Strike 0-2: Foul Ball, location: 2F 0-2: Strikes out swinging | Batting: LHB Miguel Gamboa | 0-0: Ball 1-0: Ball 2-0: Called Strike 2-1: Foul Ball, location: 2F 2-2: Fly out, F6 (Popup, 6M) | Batting: LHB Claudio Arce | 0-0: Called Strike 0-1: SINGLE (Line Drive, 8LS) | Batting: LHB Chris Hutchison | 0-0: Called Strike 0-1: SINGLE (Line Drive, 56D) Claudio Arce to second | Batting: LHB Howard Anderson | 0-0: Ball 1-0: Fly out, F3 (Line Drive, 34) | Top of the 3rd over - 0 runs, 2 hits, 0 errors, 2 left on base; Palmyra 1 - Coronado 0 | BOTTOM OF THE 3RD |
---|
Coronado Eclipse batting - Pitching for Palmyra Overlords : RHP Juan Vera | Batting: LHB Julián Díaz | 0-0: Ball 1-0: Ball 2-0: Ball 3-0: Fly out, F3 (Popup, 3SF) | Batting: LHB António Ramírez | 0-0: Called Strike 0-1: Called Strike 0-2: Strikes out looking | Batting: RHB Arturo Franco | 0-0: Called Strike 0-1: Ball 1-1: Ball 2-1: Ball 3-1: Fly out, F8 (Flyball, 8LM) | Bottom of the 3rd over - 0 runs, 0 hits, 0 errors, 0 left on base; Palmyra 1 - Coronado 0 | TOP OF THE 4TH |
---|
Palmyra Overlords batting - Pitching for Coronado Eclipse : RHP William Stephens | Batting: RHB Jesús Salazar | 0-0: Swinging Strike 0-1: Fly out, F4 (Popup, 4) | Batting: RHB Rafael Castro | 0-0: Ball 1-0: Ball 2-0: Called Strike 2-1: Ball 3-1: Swinging Strike 3-2: Fly out, F9 (Flyball, 9S) | Batting: RHB Enrico Castro | 0-0: Foul Ball, location: 2F 0-1: Swinging Strike 0-2: Ball 1-2: Foul Ball, location: 2F 1-2: Ball 2-2: Ball 3-2: Strikes out looking | Top of the 4th over - 0 runs, 0 hits, 0 errors, 0 left on base; Palmyra 1 - Coronado 0 | BOTTOM OF THE 4TH |
---|
Coronado Eclipse batting - Pitching for Palmyra Overlords : RHP Juan Vera | Batting: SHB Luis Sotelo | 0-0: Ball 1-0: Ball 2-0: Bunted foul 2-1: SINGLE (Groundball, 34D) | Batting: RHB Júlio Serra | 0-0: Ball 1-0: Called Strike 1-1: Ball 2-1: Swinging Strike 2-2: Ball 3-2: SINGLE (Line Drive, 34) Luis Sotelo to second | Batting: RHB Ramón Sánchez | 0-0: Ball 1-0: Foul Ball, location: 2F 1-1: 3-RUN HOME RUN (Flyball, 7LD), Distance : 357 ft | Batting: RHB Fred Wagner | 0-0: Ball 1-0: Fly out, F9 (Line Drive, 9) | Batting: LHB Todd Emery | 0-0: Fly out, F8 (Line Drive, 78D) | Batting: RHB Ricardo Aguilar | 0-0: Swinging Strike 0-1: Ball 1-1: Ball 2-1: Ball 3-1: Foul Ball, location: 2F 3-2: Base on Balls | Batting: LHB Julián Díaz | 0-0: Called Strike 0-1: Ball 1-1: Called Strike 1-2: Ball 2-2: Ball 3-2: Strikes out swinging | Bottom of the 4th over - 3 runs, 3 hits, 0 errors, 1 left on base; Palmyra 1 - Coronado 3 | TOP OF THE 5TH |
---|
Palmyra Overlords batting - Pitching for Coronado Eclipse : RHP William Stephens | Batting: LHB José Marín | 0-0: Bunted foul 0-1: Foul Ball, location: 2F 0-2: Ball 1-2: Ball 2-2: Strikes out swinging, 2-3 out at first. | Batting: RHB José Gonzáles | 0-0: Ball 1-0: Called Strike 1-1: Swinging Strike 1-2: Ball 2-2: Ball 3-2: SINGLE (Flyball, 89S) | Batting: LHB Miguel Gamboa | 0-0: Called Strike 0-1: Swinging Strike 0-2: Foul Ball, location: 2F 0-2: Ball 1-2: Ball 2-2: SINGLE (Flyball, 9LS) José Gonzáles to second Runner from 2nd tries for 3rd, SAFE, no throw | Batting: LHB Claudio Arce | 0-0: Ball 1-0: Called Strike 1-1: Ball 2-1: Foul Ball, location: 2F 2-2: Ball 3-2: Strikes out looking | Batting: LHB Chris Hutchison | 0-0: Called Strike 0-1: Ball 1-1: Fly out, F8 (Flyball, 89D) | Top of the 5th over - 0 runs, 2 hits, 0 errors, 2 left on base; Palmyra 1 - Coronado 3 | BOTTOM OF THE 5TH |
---|
Coronado Eclipse batting - Pitching for Palmyra Overlords : RHP Juan Vera | Batting: LHB António Ramírez | 0-0: Ball 1-0: SINGLE (Flyball, 7LS) | Batting: RHB Arturo Franco | 0-0: Called Strike António Ramírez steals 2nd base 0-1: Ball 1-1: SINGLE (Groundball, 56D) António Ramírez to third Runner from 3rd tries for Home, SAFE, no throw | Batting: SHB Luis Sotelo | 0-0: Ball 1-0: Ball 2-0: Fly out, F7 (Flyball, 7) | Batting: RHB Júlio Serra | 0-0: Ball Arturo Franco is caught stealing 2nd base 1-0: Ball 2-0: Ball 3-0: Called Strike 3-1: Base on Balls | Batting: RHB Ramón Sánchez | 0-0: Ball 1-0: Ball 2-0: Called Strike 2-1: Swinging Strike 2-2: Ball 3-2: Base on Balls Júlio Serra to second | Batting: RHB Fred Wagner | 0-0: Ball 1-0: SINGLE (Line Drive, 78M) Júlio Serra to third Ramón Sánchez to second Runner from 3rd tries for Home, throw and OUT! | Bottom of the 5th over - 1 run, 3 hits, 0 errors, 2 left on base; Palmyra 1 - Coronado 4 | TOP OF THE 6TH |
---|
Palmyra Overlords batting - Pitching for Coronado Eclipse : RHP William Stephens | Pitching: RHP Juan Oliveira | | Batting: LHB Howard Anderson | 0-0: Fly out, F7 (Flyball, 7) | Batting: RHB Jesús Salazar | 0-0: Ball 1-0: Ball 2-0: Ball 3-0: Called Strike 3-1: Foul Ball, location: 2F 3-2: Strikes out swinging | Batting: RHB Rafael Castro | 0-0: Called Strike 0-1: Ball 1-1: Ground out 6-3 (Groundball, 6) | Top of the 6th over - 0 runs, 0 hits, 0 errors, 0 left on base; Palmyra 1 - Coronado 4 | BOTTOM OF THE 6TH |
---|
Coronado Eclipse batting - Pitching for Palmyra Overlords : RHP Juan Vera | Batting: LHB Todd Emery | 0-0: Called Strike 0-1: Ball 1-1: Foul Ball, location: 2F 1-2: Ball 2-2: SINGLE (Line Drive, 89S) | Batting: RHB Ricardo Aguilar | 0-0: Swinging Strike 0-1: Fly out, F9 (Flyball, 89S) | Batting: LHB Julián Díaz | 0-0: Ball 1-0: Foul Ball, location: 2F 1-1: Foul Ball, location: 2F 1-2: Foul Ball, location: 2F 1-2: Ball 2-2: Strikes out swinging | Batting: LHB António Ramírez | 0-0: Ball 1-0: Called Strike 1-1: Called Strike 1-2: Ball 2-2: Fly out, F7 (Line Drive, 7) | Bottom of the 6th over - 0 runs, 1 hit, 0 errors, 1 left on base; Palmyra 1 - Coronado 4 | TOP OF THE 7TH |
---|
Palmyra Overlords batting - Pitching for Coronado Eclipse : RHP Juan Oliveira | Batting: RHB Enrico Castro | 0-0: Ball 1-0: Called Strike 1-1: Bunted foul 1-2: SINGLE (Groundball, 56) (infield hit) | Pitching: LHP Ryan García | | Batting: LHB José Marín | 0-0: Ball 1-0: Ball 2-0: Called Strike 2-1: Fly out, F7 (Flyball, 7S) | Pitching: RHP Robbie Martin | | Batting: RHB José Gonzáles | 0-0: Ball 1-0: Called Strike Enrico Castro steals 2nd base 1-1: Fly out, F8 (Flyball, 8LD) | Batting: LHB Miguel Gamboa | 0-0: Swinging Strike 0-1: SINGLE (Flyball, 89M) Enrico Castro to third Runner from 3rd tries for Home, SAFE, throw made home | Batting: LHB Claudio Arce | 0-0: SINGLE (Groundball, 56D) Miguel Gamboa to second | Pinch Runner at 2nd Mason Melton: | | Batting: LHB Chris Hutchison | 0-0: Ball 1-0: Ball 2-0: Called Strike 2-1: Ball 3-1: SINGLE (Line Drive, 56) Mason Melton to third Claudio Arce to second Runner from 3rd tries for Home, SAFE, no throw | Batting: LHB Howard Anderson | 0-0: Ball 1-0: Ball Passed Ball! Claudio Arce to third Chris Hutchison to second 2-0: Called Strike 2-1: Called Strike 2-2: Fly out, F7 (Flyball, 7S) | Top of the 7th over - 2 runs, 4 hits, 0 errors, 2 left on base; Palmyra 3 - Coronado 4 | BOTTOM OF THE 7TH |
---|
Coronado Eclipse batting - Pitching for Palmyra Overlords : RHP Juan Vera | Pitching: RHP Miguel Vázquez | | Now at 1B: Gonzalo Hernández | | Batting: RHB Arturo Franco | 0-0: Called Strike 0-1: Ball 1-1: Fly out, F8 (Line Drive, 8LD) | Batting: SHB Luis Sotelo | 0-0: Foul Ball, location: 2F 0-1: Ball 1-1: Foul Ball, location: 2F 1-2: Ball 2-2: Ball 3-2: Strikes out swinging | Batting: RHB Júlio Serra | 0-0: Ball 1-0: Fly out, F9 (Line Drive, 9) | Bottom of the 7th over - 0 runs, 0 hits, 0 errors, 0 left on base; Palmyra 3 - Coronado 4 | TOP OF THE 8TH |
---|
Palmyra Overlords batting - Pitching for Coronado Eclipse : RHP Robbie Martin | Batting: RHB Jesús Salazar | 0-0: Ball 1-0: Ball 2-0: Foul Ball, location: 2F 2-1: Foul Ball, location: 2F 2-2: SINGLE (Flyball, 7LS) | Pitching: LHP Luis Rincón | | Batting: RHB Rafael Castro | 0-0: Ball 1-0: Ball 2-0: Ground out 6-3 (Groundball, 6S) Jesús Salazar to second | Batting: RHB Enrico Castro | 0-0: Called Strike 0-1: Ball 1-1: Called Strike 1-2: Ball 2-2: Ball 3-2: Strikes out swinging | Pinch Hitting: RHB Tom Robinson | 0-0: Ball 1-0: Foul Ball, location: 2F 1-1: Ball 2-1: SINGLE (Groundball, 6D) Jesús Salazar to third Runner from 3rd tries for Home, SAFE, no throw | Batting: RHB José Gonzáles | 0-0: Called Strike 0-1: Ball 1-1: Ground out 4-3 (Groundball, 4) | Top of the 8th over - 1 run, 2 hits, 0 errors, 1 left on base; Palmyra 4 - Coronado 4 | BOTTOM OF THE 8TH |
---|
Coronado Eclipse batting - Pitching for Palmyra Overlords : RHP Miguel Vázquez | Now at 3B: Tom Robinson | | Batting: RHB Ramón Sánchez | 0-0: Ball 1-0: Called Strike 1-1: Ball 2-1: Ball 3-1: Base on Balls | Batting: RHB Fred Wagner | 0-0: Foul Ball, location: 2F 0-1: Foul Ball, location: 2F 0-2: Foul Ball, location: 2F 0-2: Ball 1-2: Foul Ball, location: 2F 1-2: Ball 2-2: 2-RUN HOME RUN (Flyball, 78XD), Distance : 397 ft | Pitching: LHP José López | | Batting: LHB Todd Emery | 0-0: Ball 1-0: Called Strike 1-1: Fly out, F3 (Flyball, 3D) | Pitching: RHP Brodie Costello | | Batting: RHB Ricardo Aguilar | 0-0: Swinging Strike 0-1: Foul Ball, location: 2F 0-2: Strikes out swinging | Batting: LHB Julián Díaz | 0-0: Foul Ball, location: 2F 0-1: Foul Ball, location: 2F 0-2: Ball 1-2: Foul Ball, location: 2F 1-2: Strikes out swinging | Bottom of the 8th over - 2 runs, 1 hit, 0 errors, 0 left on base; Palmyra 4 - Coronado 6 | TOP OF THE 9TH |
---|
Palmyra Overlords batting - Pitching for Coronado Eclipse : LHP Luis Rincón | Pitching: RHP Juan Ríos | | Batting: RHB Gonzalo Hernández | 0-0: Ball 1-0: Ball 2-0: Called Strike 2-1: Foul Ball, location: 2F 2-2: Strikes out looking | Batting: LHB Claudio Arce | 0-0: Foul Ball, location: 2F 0-1: Called Strike 0-2: Ball 1-2: Ball 2-2: Ball 3-2: Strikes out swinging | Batting: LHB Chris Hutchison | 0-0: Ball 1-0: Called Strike 1-1: SINGLE (Flyball, 7S) | Batting: LHB Howard Anderson | 0-0: Called Strike 0-1: Swinging Strike 0-2: Ball 1-2: Foul Ball, location: 2F 1-2: Ball 2-2: Ball 3-2: Strikes out swinging | Top of the 9th over - 0 runs, 1 hit, 0 errors, 1 left on base; Palmyra 4 - Coronado 6 | |